Map: Blackpink LE

Players

forushorus - Winner!

  • Race: Zerg Zerg
  • League: Platinum
  • Spawn Location: 7:00

alphajets

  • Race: Terran Terran
  • League: Platinum
  • Spawn Location: 1:00

VOD

Have the link to the VOD?

Description

Time

  • Played on: Dec. 25, 2017, 9:13 p.m.
  • Length: 23:49
Show
View Real Time Build Order
Export as new Build Order

forushorus Zerg - Winner!

Build Orders: Pool First 

Get SALT Encoding   

  12  0:02  Drone  
  13  0:08  Drone  
  14  0:22  Overlord  
  14  0:26  Extractor, Drone  
  15  0:41  Drone  
  15  0:42  Drone  
  17  0:47  Extractor, Drone  
  17  0:53  Spawning Pool  
  16  0:59  Drone  
  17  1:08  Drone  
  18  1:18  Overlord  
  18  1:40  Queen  
  18  1:41  Zergling x4  
  22  1:48  Metabolic Boost  
  22  1:58  Hatchery  
  21  2:05  Zergling x2  
  21  2:06  Zergling x2  
  23  2:12  Drone  
  24  2:23  Drone  
  25  2:43  Lair  
  25  2:57  Drone x2  
  27  3:07  Drone  
  27  3:08  Drone x2  
  27  3:11  Overlord  
  30  3:26  Evolution Chamber  
  29  3:31  Queen  
  29  3:33  Evolution Chamber, Drone x4  
  34  3:43  Hydralisk Den, Drone  
  34  3:47  Drone x2  
  36  3:50  Zergling x6  
  39  4:04  Drone x2  
  41  4:12  Zerg Ground Armor Level 1  
  41  4:30  Drone  
  41  4:31  Drone x2  
  44  4:34  Overlord x4  
  44  4:48  Hatchery  
  44  4:51  Queen  
  44  4:52  Zerg Missile Weapons Level 1  
  45  5:01  Drone  
  45  5:02  Extractor  
  45  5:04  Drone x4  
  45  5:07  Extractor, Drone  
  48  5:09  Extractor, Hydralisk  
  48  5:13  Hydralisk  
  52  5:34  Zergling x8  
  52  5:35  Zergling x4  
  58  5:43  Drone x2  
  58  5:45  Drone  
  58  5:47  Drone x3  
  58  5:48  Hydralisk  
  58  5:49  Hydralisk  
  68  5:55  Drone  
  68  5:56  Drone  
  70  6:06  Drone  
  70  6:08  Hydralisk  
  73  6:18  Drone x2  
  75  6:32  Muscular Augments  
  75  6:39  Drone  
  77  6:40  Drone x6  
  77  6:43  Overlord x3  
  82  6:53  Hatchery  
  81  7:00  Queen  
  83  7:06  Hydralisk x3  
  83  7:07  Hydralisk x5  
  99  7:12  Drone x2  
  99  7:13  Drone  
  99  7:14  Queen  
  104  7:22  Drone  
  105  7:27  Infestation Pit, Drone  
  105  7:37  Drone  
  105  7:38  Baneling Nest  
  105  7:48  Drone  
  105  7:49  Spire  
  105  7:58  Extractor, Drone  
  105  8:00  Drone  
  105  8:01  Extractor, Overlord x5  
  105  8:02  Overlord x4  
  105  8:13  Drone x2  
  107  8:21  Drone x3, Spore Crawler  
  107  8:23  Drone x3  
  107  8:24  Spore Crawler  
  107  8:25  Hydralisk x4  
  107  8:26  Spore Crawler  
  118  8:39  Drone x2  
  120  8:41  Zerg Ground Armor Level 2  
  120  8:42  Zerg Missile Weapons Level 2  
  120  8:44  Hive  
  120  8:46  Overlord  
  120  8:49  Pneumatized Carapace  
  120  8:54  Drone  
  121  9:04  Hatchery  
  120  9:30  Roach Warren  
  119  9:56  Hydralisk x2  
  119  9:57  Hydralisk x8  
  119  9:58  Hydralisk x6  
  119  9:59  Zergling x6  
  154  10:08  Overlord x4  
  154  10:11  Ultralisk Cavern  
  153  10:28  Extractor  
  152  10:40  Zergling x4  
  152  10:41  Zergling x14  
  152  10:42  Zergling x14  
  168  10:43  Zergling x12  
  174  10:57  Zerg Melee Weapons Level 1  
  174  11:02  Ultralisk x3  
  174  11:03  Ultralisk  
  199  11:04  Zergling x4  
  199  11:10  Chitinous Plating  
  200  11:19  Lurker Den  
  200  11:22  Drone  
  200  11:32  Baneling x7  
  200  11:33  Baneling x8  
  200  11:34  Baneling x2  
  200  11:48  Zerg Ground Armor Level 3  
  200  11:58  Centrifical Hooks  
  200  12:25  Adrenal Glands  
  116  12:52  Roach x6  
  116  12:53  Roach x8  
  116  12:55  Zergling x8  
  116  12:56  Zergling x16  
  116  12:57  Zergling x16  
  116  12:58  Zergling x12  
  144  13:06  Hydralisk x6  
  144  13:07  Hydralisk x3  
  142  13:16  Hydralisk x4  
  150  13:24  Glial Reconstitution  
  150  13:30  Zerg Melee Weapons Level 2  
  150  13:38  Drone x3  
  146  13:59  Mutalisk x4  
  146  14:00  Mutalisk  
  141  14:08  Roach  
  141  14:09  Roach x7  
  154  14:10  Zergling x10  
  154  14:11  Zergling x2  
  156  14:35  Mutalisk x3  
  156  14:36  Mutalisk x2  
  162  14:38  Zergling x10  
  167  14:48  Roach x5  
  167  14:51  Hatchery  
  120  15:20  Zergling x12  
  120  15:21  Roach x7  
  114  15:22  Roach x7  
  138  15:36  Mutalisk  
  138  15:37  Mutalisk x4  
  148  15:48  Mutalisk  
  148  15:49  Roach x4  
  128  16:25  Roach x6, Zergling x8  
  140  16:26  Zergling x12  
  140  16:27  Roach x4  
  130  16:44  Zergling x10  
  130  16:45  Zergling x10  
  124  16:56  Hydralisk x3  
  108  17:09  Roach x2  
  108  17:10  Roach x3  
  118  17:18  Drone  
  119  17:27  Roach x5  
  129  17:42  Extractor  
  128  17:47  Drone  
  128  17:48  Drone x2  
  128  17:50  Roach x7  
  128  17:51  Extractor x2  
  107  18:25  Zerg Missile Weapons Level 3  
  107  18:26  Zerg Melee Weapons Level 3  
  93  18:28  Ultralisk x3  
  93  18:33  Ravager x6  
  118  18:34  Ravager  
  118  18:36  Ravager x3  
  121  18:45  Drone x3  
  124  18:50  Hydralisk x3  
  124  18:51  Hydralisk x3  
  132  19:25  Hatchery  
  87  19:40  Hydralisk x6  
  87  19:41  Hydralisk x5  
  106  19:49  Zergling x18  
  106  19:50  Zergling x14  
  106  19:51  Zergling x4  
  106  20:21  Drone x4  
  109  20:22  Drone x10  
  100  20:41  Zergling x12  
  100  20:42  Zergling x16  
  110  20:43  Zergling x2  
  111  20:58  Extractor  
  111  21:00  Extractor  
  111  21:02  Roach x4  
  111  21:03  Roach x4  
  125  21:09  Baneling x6  
  125  21:10  Baneling x5  
  125  21:11  Baneling  
  125  21:34  Roach  
  125  21:35  Roach x7  
  125  21:36  Roach x6  
  153  21:40  Ravager x6  
  153  21:41  Ravager  
  153  21:42  Ravager  
  161  22:17  Queen  
  161  22:21  Zergling x12  
  161  22:22  Zergling x12  
  179  22:23  Ultralisk  
  171  22:37  Zergling x12  
  171  22:38  Zergling x2  
  162  22:48  Roach x2  
  162  22:49  Roach x9  
  162  22:50  Roach  
  175  23:09  Roach x4  
  175  23:10  Roach x7  
  191  23:21  Roach x4  
Show
View Real Time Build Order
Export as new Build Order

alphajets Terran 

Build Orders: Reaper Expand, Mech 

Get SALT Encoding   

  12  0:02  SCV  
  13  0:14  SCV  
  13  0:18  Supply Depot  
  14  0:26  SCV  
  15  0:39  Refinery  
  15  0:41  Barracks  
  15  0:45  SCV  
  16  0:58  SCV  
  17  1:10  SCV  
  18  1:28  Reaper  
  18  1:29  Orbital Command  
  19  1:46  Command Center  
  19  1:57  SCV  
  19  1:59  Supply Depot  
  20  2:09  Factory  
  20  2:11  SCV  
  21  2:20  Barracks Reactor  
  21  2:23  SCV  
  21  2:26  Refinery  
  22  2:41  SCV  
  23  2:53  SCV  
  24  3:06  Factory  
  24  3:11  Hellion x2  
  29  3:18  SCV  
  29  3:19  Orbital Command  
  29  3:24  Barracks Tech Lab  
  29  3:30  SCV  
  30  3:37  Hellion x2  
  30  3:41  Armory  
  34  3:43  SCV  
  35  3:55  SCV  
  36  3:58  Barracks Reactor  
  36  4:05  Hellion x2  
  36  4:08  Siege Tank  
  43  4:37  Hellion  
  45  4:44  Supply Depot, SCV  
  46  5:06  Siege Tank, Hellion x2, SCV  
  54  5:08  Supply Depot  
  54  5:11  Supply Depot  
  54  5:12  Supply Depot  
  54  5:23  Infernal Pre-Igniter  
  54  5:29  Hellion, SCV x2  
  54  5:32  Command Center  
  54  5:33  Refinery  
  58  5:38  Supply Depot, Siege Tank  
  58  5:41  SCV x2  
  63  5:44  Supply Depot  
  63  5:54  Starport  
  63  6:07  SCV x2  
  65  6:14  Refinery  
  65  6:19  SCV x2  
  67  6:31  SCV  
  67  6:46  Factory  
  67  6:47  Factory  
  67  6:56  Siege Tank, Hellion x2  
  74  7:04  Terran Vehicle Weapons Level 1  
  74  7:05  Medivac  
  76  7:11  Medivac  
  79  7:17  Barracks Reactor  
  79  7:18  Hellion  
  80  7:39  Engineering Bay  
  80  7:45  Viking x2  
  84  7:57  SCV x2  
  86  8:02  Siege Tank  
  86  8:05  Factory Tech Lab x2  
  89  8:09  SCV  
  89  8:10  SCV  
  91  8:14  Planetary Fortress  
  91  8:21  SCV  
  91  8:22  Hellion, SCV, Refinery  
  91  8:23  Hellion x2  
  91  8:25  Refinery  
  99  8:32  Siege Tank  
  99  8:34  Hellion, SCV x2  
  106  8:44  Hellion  
  106  8:46  SCV  
  109  8:56  Sensor Tower  
  109  8:59  Missile Turret  
  109  9:05  Supply Depot  
  109  9:08  Supply Depot  
  109  9:18  Siege Tank, SCV x3  
  109  9:19  Hellion  
  109  9:21  Sensor Tower  
  109  9:22  Missile Turret  
  116  9:24  Missile Turret  
  116  9:30  SCV x3  
  119  9:32  Missile Turret  
  119  9:33  Missile Turret  
  119  9:42  Missile Turret  
  119  9:43  Missile Turret, SCV x3  
  122  9:50  Missile Turret x3  
  122  9:52  Missile Turret  
  122  9:55  SCV x3  
  122  9:56  Missile Turret  
  125  10:07  Supply Depot  
  125  10:08  Supply Depot  
  125  10:15  Supply Depot  
  125  10:28  Siege Tank  
  125  10:29  Thor, Hellion, SCV x3  
  139  10:37  Siege Tank  
  139  10:41  SCV  
  143  11:00  Thor  
  143  11:03  Supply Depot  
  149  11:06  Supply Depot  
  149  11:07  Supply Depot x2  
  149  11:13  Supply Depot  
  149  11:19  Command Center  
  153  11:25  Hellion x2  
  153  11:28  Thor x2  
  153  11:32  Supply Depot  
  165  11:39  Supply Depot  
  165  11:43  Thor  
  171  11:53  Liberator x2  
  171  11:58  Sensor Tower  
  175  12:10  Thor  
  183  12:17  Siege Tank  
  186  12:26  Siege Tank  
  189  12:36  Liberator x2  
  143  12:46  Hellion x2  
  143  12:49  Hellion  
  128  12:54  Hellion  
  125  12:58  Hellion  
  119  13:07  Hellion x2  
  119  13:11  Hellion  
  122  13:15  Hellion  
  126  13:20  Hellion  
  126  13:29  Hellion x2  
  126  13:32  Hellion  
  132  13:36  Factory x2  
  132  13:37  Hellion  
  136  13:41  Hellion  
  136  13:50  Hellion x2  
  136  13:54  Hellion  
  142  13:58  Hellion  
  142  14:02  Siege Tank  
  137  14:11  Hellion  
  137  14:12  Hellion  
  137  14:15  Siege Tank  
  144  14:19  Siege Tank  
  147  14:33  Hellion x2  
  147  14:35  Hellion  
  153  14:47  Hellion  
  153  14:49  Armory  
  153  14:50  Terran Vehicle And Ship Armor Level 1  
  153  14:51  Hellion  
  157  14:56  Siege Tank  
  124  15:08  Siege Tank  
  124  15:12  Thor  
  95  15:22  Hellion x2  
  95  15:27  Thor  
  105  15:31  Factory Tech Lab x2  
  105  15:40  Siege Tank  
  108  15:43  Hellion  
  108  15:44  Hellion  
  112  15:55  Siege Tank  
  115  15:59  Thor x2  
  114  16:05  Hellion x2  
  114  16:10  Thor  
  112  16:12  Thor  
  102  16:27  Thor  
  95  16:42  Siege Tank  
  95  16:46  Hellion x2  
  98  16:53  Siege Tank  
  88  16:55  Siege Tank  
  86  17:08  Hellion x2  
  92  17:11  Hellion  
  92  17:13  Liberator  
  92  17:14  Hellion, Liberator  
  92  17:15  Factory Reactor  
  94  17:26  Hellion  
  94  17:28  Hellion  
  94  17:29  Hellion x2  
  102  17:32  Hellion  
  102  17:36  Hellion  
  112  17:47  Hellion  
  114  17:56  Liberator  
  114  18:00  Command Center  
  78  18:24  Siege Tank x3  
  87  18:28  Hellion  
  87  18:29  Hellion  
  87  18:32  Factory Reactor  
  93  18:38  Orbital Command  
  91  18:48  Hellion  
  93  18:50  Hellion x2  
  97  18:56  Hellion x2  
  97  18:57  Hellion  
  97  19:29  Marine x2  
  93  19:33  Siege Tank  
  74  19:42  Hellion  
  74  19:43  Hellion x3  
  80  19:47  Marine  
  72  20:16  Hellion x5  
  72  20:17  Hellion x3  
  74  20:37  Hellion  
  74  20:38  Marine x2  
  74  20:41  Hellion x2  
  74  20:42  Hellion x2  
  79  20:44  SCV  
  80  20:56  Marine  
  81  21:01  Terran Vehicle Weapons Level 2  
  81  21:12  Refinery x2  
  81  21:28  Command Center  
  81  21:37  Hellion  
  81  21:38  Hellion x3  
  81  21:39  Thor  
  95  21:41  Hellion x3  
  95  21:44  Marine x2  
  103  21:58  Hellion  
  103  21:59  Hellion x2  
  103  22:00  Hellion  
  111  22:02  Marine, Hellion x3  
  110  22:30  Hellion x4  
  110  22:31  Hellion x4  
  60  22:51  Thor, Hellion x2  
  58  23:13  Hellion x3  
  64  23:25  Hellion  
Tags
 
Add a new tag
Caveats
  • Supply blocks, unpowered buildings, or Contaminate may cause inaccurate times.
  • Supply counts are checked every 10 seconds.